 Dungeon Crawl Stone Soup version 0.19-a0-1861-g35def1e (webtiles) character file.

88976 wazuzu the Impaler (level 15, -9/117 HPs)
             Began as a Merfolk Ice Elementalist on Oct 12, 2016.
             Was a High Priest of Okawaru.
             Killed from afar by a wizard (12 damage)
             ... with a bolt of lightning
             ... on level 14 of the Dungeon.
             The game lasted 02:01:20 (30919 turns).

wazuzu the Impaler (Merfolk Ice Elementalist)      Turns: 30919, Time: 02:01:22

Health: -9/117     AC: 14    Str:  7    XL:     15   Next: 95%
Magic:  0/23       EV:  2    Int: 11    God:    Okawaru [*****.]
Gold:   2457       SH:  0    Dex: 18    Spells: 3 memorised, 19 levels left

rFire  . . .     SeeInvis .     h - +3 halberd (freeze)
rCold  . . .     Gourm    .     O - +0 steam dragon scales
rNeg   + + +     Faith    .     (shield currently unavailable)
rPois  ∞         Spirit   +     g - +2 hat
rElec  .         Dismiss  .     H - +2 cloak {rPois}
rCorr  .         Reflect  .     d - +0 pair of gloves
MR     +....     Harm     .     I - +0 pair of boots
Stlth  ++........ Rnd*Rage +    N - amulet of guardian spirit
                                o - +5 ring of slaying
                                r - +4 ring of dexterity

@: exhausted, petrified, slowed
A: change form in water, swift swim, stealthy swim, berserk 1, blurry vision 2,
clumsy 2, dopey 2, frail 1, screaming 2, weak 2
a: Heroism, Finesse, Renounce Religion


You were on level 14 of the Dungeon.
You worshipped Okawaru.
Okawaru was extremely pleased with you.
You were not hungry.

You visited 4 branches of the dungeon, and saw 23 of its levels.
You visited the Abyss 1 time.
You also visited: Ice Cave.

You collected 2457 gold pieces.

Inventory:

Hand Weapons
 h - a +3 halberd of freezing (weapon)
 s - a +1 bardiche of pain
 u - a +1 trident
Missiles
 q - 2 poisoned javelins (quivered)
Armour
 d - a +0 pair of gloves (worn)
 g - a +2 hat (worn)
 H - a +2 cloak of poison resistance (worn)
 I - a +0 pair of boots (worn)
 O - +0 steam dragon scales (worn)
Jewellery
 o - a +5 ring of slaying (right hand)
 r - a +4 ring of dexterity (left hand)
 N - an amulet of guardian spirit (around neck)
Wands
 b - a wand of flame (34/48)
 m - a wand of lightning (3/15)
 G - a wand of teleportation (1/9)
 M - a wand of iceblast (3/15)
 P - a wand of paralysis (0/24)
Scrolls
 f - 5 scrolls of remove curse
 i - a scroll of fear
 n - a scroll of magic mapping
 y - 3 scrolls of enchant armour
 E - 4 scrolls of amnesia
 F - 2 scrolls of fog
 J - 2 scrolls of identify
 R - a scroll of recharging
Potions
 e - 3 potions of brilliance
 l - 2 potions of magic
 w - 2 potions of flight
 x - 2 potions of cancellation
 C - 3 potions of berserk rage
Miscellaneous
 t - a sack of spiders
Comestibles
 a - 12 beef jerkies
 c - 11 bread rations
 k - 16 fruits
 v - 10 meat rations
 L - 6 slices of pizza
 Q - a royal jelly


   Skills:
 - Level 16.0 Fighting
 - Level 18.5 Polearms
 - Level 5.7 Armour
 + Level 14.7 Dodging
 - Level 2.1 Stealth
 - Level 5.3 Spellcasting
   Level 0.7 Conjurations
 - Level 6.1 Charms
 - Level 6.3 Ice Magic
 - Level 10.4 Invocations


You had 19 spell levels left.
You knew the following spells:

 Your Spells              Type           Power        Failure   Level  Hunger
a - Freeze                Ice            ###.         1%          1    None
b - Ozocubu's Armour      Chrm/Ice       ###.....     6%          3    ###....
c - Apportation           Tloc           #.........   24%         1    None


Dungeon Overview and Level Annotations

Branches:
Dungeon (14/15)            Temple (1/1) D:7            Lair (6/6) D:9
 Shoals (0/4) Lair:4       Spider (0/4) Lair:4        Slime (0/5) Lair:5
    Orc (2/2) D:9             Elf (0/3) Orc:2        Vaults (0/5) D:13

Altars:
Ashenzari
Cheibriados
Dithmenos
Elyvilon
Fedhas
Gozag
Hepliaklqana
Kikubaaqudgha
Makhleb
Nemelex Xobeh
Okawaru
Qazlal
Ru
Sif Muna
Trog
Uskayaw
Vehumet
Xom
Yredelemnul
Zin
The Shining One
Beogh
Lugonu

Shops:
Orc:2 *

Annotations:
Lair:5 exclusion: oklob plant


Innate Abilities, Weirdness & Mutations

You revert to your normal form in water.
You are very nimble and swift while swimming.
You are very stealthy in the water. (Stealth+)
[You tend to lose your temper in combat.]
[Scrolls take you longer to read.]
[You are very clumsy. (Dex -4)]
[You are very dopey. (Int -4)]
[You are frail. (-10% HP)]
[You sometimes yell uncontrollably at your foes.]
[You are very weak. (Str -4)]


Message History

* * * LOW HITPOINT WARNING * * *
The wizard mumbles some strange words.
The wizard flickers and vanishes!
Deactivating autopickup; reactivate with Ctrl-A.
The cyclops throws a large rock.
The large rock hits you!!
* * * LOW HITPOINT WARNING * * *
Something hits you but does no damage.
The cyclops throws a large rock.
You hear some strange, mumbled words.
A stone arrow appears from out of thin air!
Helpless, you fail to dodge the stone arrow.
* * * LOW HITPOINT WARNING * * *
Something hits you.
* * * LOW HITPOINT WARNING * * *
The cyclops throws a large rock.
The large rock hits you!
* * * LOW HITPOINT WARNING * * *
Something hits you but does no damage.
You hear some strange, mumbled words.
A bolt of lightning appears from out of thin air!
The bolt of lightning hits you!
You die...

#.......# ##.# ..####### #.# .##
####'#### '#########
#(...(..#######+## .....(...#
#.......##........ .........#
#.......##........ .........#
####.(............... .........#
#.C{........#........
.........##...##@.......#........
.........+C. #.......########'#
.........# ####'#### #.#
...####### ##..# #.. ##...#####
#..## ### .........# #.## ######
.........# ###'###### #......
.........######........# #......
..............'........# +......


You could see a cyclops.

Vanquished Creatures
  A starcursed mass (Abyss:2)
  2 ice dragons (IceCv)
  A vault guard (D:13)
  Erolcha (D:11)
  7 hydras
  3 catoblepae
  An ogre mage (Orc:1)
  A tengu warrior (D:13)
  17 death yaks
  3 thrashing horrors (Abyss:2)
  3 wretched stars (Abyss:2)
  Nergalle (Orc:1)
  Sonja (Lair:2)
  A spatial maelstrom (Abyss:2)
  A flayed ghost (D:13)
  A wizard (D:12)
  3 unseen horrors
  An orc knight (Orc:2)
  Pikel (D:6)
  A necromancer (Lair:2)
  5 hill giants
  2 ugly things
  3 manticores
  A deep elf mage (D:13)
  2 orc sorcerers
  2 cyclopes
  3 oklob plants (Lair:5)
  The ghost of zkyp the Slicer, a novice DgAr (D:5)
  A worldbinder (Abyss:2)
  Maurice (Orc:1)
  3 large abominations (Abyss:2)
  A rust devil (Orc:2)
  9 elephants
  3 sirens (Lair:4)
  A centaur zombie (D:14)
  2 ice statues (IceCv)
  7 black mambas
  A smoke demon (Abyss:2)
  A gargoyle (D:11)
  A torpor snail (Lair:4)
  11 spiny frogs
  8 rime drakes
  4 komodo dragons
  A tengu conjurer (D:13)
  A troll (D:9)
  The ghost of UnlimitedFusion the Covert, an amateur NaAs (D:4)
  A red devil (Orc:2)
  A merfolk (Lair:4)
  A polar bear (Lair:6)
  A polar bear (shapeshifter) (D:10)
  2 wind drakes (shapeshifter)
  Grinder (D:5)
  29 blink frogs
  3 slime creatures (D:14)
  A hornet (D:13)
  6 dream sheep
  5 two-headed ogres
  4 small abominations (Abyss:2)
  10 hippogriffs
  7 wyverns
  A vampire (D:13)
  A ynoxinul (Abyss:2)
  30 yaks
  A steam dragon (D:13)
  3 basilisks
  A neqoxec (Abyss:2)
  3 hungry ghosts
  15 water moccasins
  8 porcupines
  25 ice beasts
  15 orc warriors
  5 sky beasts
  3 black bears
  A necrophage (D:9)
  A phantom (D:7)
  11 ogres
  8 wolves
  5 centaurs
  17 crocodiles
  A big kobold (D:9)
  A gnoll sergeant (D:6)
  A wyvern zombie (D:13)
  17 bullfrogs
  2 water moccasin skeletons
  17 killer bees
  10 wights
  3 electric eels
  6 crimson imps
  2 howler monkeys
  3 bullfrog zombies
  2 quasits (D:11)
  A jelly (D:10)
  5 hounds
  14 orc wizards
  15 orc priests
  A bullfrog skeleton (D:5)
  2 centaur skeletons
  4 iguanas
  Natasha (thrice) (D:3)
  5 worker ants
  A polar bear simulacrum (Lair:2)
  A yak simulacrum (Lair:2)
  4 wolf simulacra (Lair:2)
  A hound skeleton (D:4)
  A howler monkey zombie (D:10)
  16 gnolls
  5 adders
  A river rat (Lair:6)
  2 shadow imps
  An ufetubus (Abyss:2)
  An ooze (D:2)
  2 adder zombies
  2 adder skeletons (D:4)
  3 dart slugs
  3 leopard geckos
  57 orcs
  5 ball pythons
  6 bats
  16 giant cockroaches
  7 hobgoblins
  12 jackals
  13 kobolds
  2 quokkas
  5 frilled lizards
  11 goblins
  A jackal skeleton (D:4)
  A leopard gecko zombie (D:7)
  9 rats
  5 river rat simulacra (Lair:2)
  4 fungi
  7 plants
673 creatures vanquished.

Vanquished Creatures (others)
  A slave (D:7)
  An ogre (D:7)
  A crimson imp (D:7)
  A bullfrog skeleton (D:7)
  7 bushes
  46 fungi
  32 plants
89 creatures vanquished.

Grand Total: 762 creatures vanquished

Notes
Turn   | Place    | Note
-------+----------+-------------------------------------------
     0 | D:1      | wazuzu the Merfolk Ice Elementalist began the quest for the Orb.
     0 | D:1      | Reached XP level 1. HP: 13/13 MP: 3/3
   202 | D:1      | Reached XP level 2. HP: 19/19 MP: 1/5
  1007 | D:1      | Reached XP level 3. HP: 18/24 MP: 7/7
  1260 | D:2      | Learned a level 3 spell: Ozocubu's Armour
  1287 | D:2      | Found a white marble altar of Elyvilon.
  1364 | D:2      | Reached XP level 4. HP: 23/30 MP: 8/8
  1466 | D:2      | Reached skill level 1 in Charms
  2088 | D:3      | Reached XP level 5. HP: 9/35 MP: 9/9
  2157 | D:3      | You fall through a shaft for 2 floors!
  2157 | D:5      | Entered Level 5 of the Dungeon
  2166 | D:5      | Noticed zkyp's ghost (novice DgAr)
  2168 | D:5      | HP: 1/35 [zkyp's ghost (10)]
  2727 | D:4      | Noticed an ogre
  2736 | D:4      | Killed an ogre
  2736 | D:4      | Reached skill level 5 in Ice Magic
  2819 | D:3      | Reached XP level 6. HP: 38/41 MP: 10/10
  3021 | D:3      | Noticed Natasha
  3028 | D:3      | Killed Natasha
  3734 | D:3      | Noticed Natasha
  3739 | D:3      | Killed Natasha
  3989 | D:3      | Noticed Natasha
  4011 | D:3      | Killed Natasha
  4361 | D:4      | Found an opulent altar of Gozag.
  4382 | D:4      | Reached skill level 5 in Charms
  4452 | D:4      | Noticed UnlimitedFusion's ghost (amateur NaAs)
  4474 | D:4      | Killed UnlimitedFusion's ghost
  4474 | D:4      | Reached skill level 5 in Polearms
  4474 | D:4      | Reached XP level 7. HP: 38/46 MP: 7/11
  4893 | D:5      | Killed zkyp's ghost
  4893 | D:5      | Reached skill level 9 in Polearms
  4893 | D:5      | Reached XP level 8. HP: 24/52 MP: 12/12
  5188 | D:5      | Noticed Grinder
  5200 | D:5      | Killed Grinder
  5200 | D:5      | Reached skill level 10 in Polearms
  5824 | D:6      | Reached skill level 11 in Polearms
  6021 | D:6      | Found a bloodstained altar of Trog.
  6253 | D:6      | Found a sparkling altar of Nemelex Xobeh.
  6445 | D:6      | Reached skill level 12 in Polearms
  6531 | D:7      | Noticed Pikel
  6559 | D:7      | Reached XP level 9. HP: 43/57 MP: 13/13
  6588 | D:6      | Killed Pikel
  6588 | D:6      | Reached skill level 13 in Polearms
  6808 | D:7      | Reached skill level 14 in Polearms
  7109 | D:7      | Found a shimmering altar of Xom.
  7119 | D:7      | Found a staircase to the Ecumenical Temple.
  7128 | Temple   | Entered the Ecumenical Temple
  7192 | Temple   | Became a worshipper of Warmaster Okawaru
  7355 | D:7      | Found a radiant altar of Vehumet.
  7622 | D:8      | Reached skill level 15 in Polearms
  7765 | D:8      | Reached skill level 1 in Fighting
  7969 | D:8      | Found a stormy altar of Qazlal.
  8275 | D:8      | Reached XP level 10. HP: 66/70 MP: 14/14
  8304 | D:9      | Found a snail-covered altar of Cheibriados.
  8304 | D:9      | Found a hazy altar of Hepliaklqana.
  8304 | D:9      | Found a glowing silver altar of Zin.
  8336 | D:9      | Found a deep blue altar of Sif Muna.
  8337 | D:9      | Found a shattered altar of Ashenzari.
  8345 | D:9      | Found a burning altar of Makhleb.
  8388 | D:9      | Reached * piety under Okawaru
  8457 | D:9      | Found a staircase to the Lair.
  8596 | D:9      | Found a glowing golden altar of the Shining One.
  8599 | D:9      | Found a shadowy altar of Dithmenos.
  8603 | D:9      | Reached skill level 5 in Fighting
  8603 | D:9      | Reached skill level 5 in Dodging
  8692 | D:9      | Found a staircase to the Orcish Mines.
  8877 | D:9      | Found a roughly hewn altar of Beogh.
  8883 | D:9      | Reached ** piety under Okawaru
  9438 | Lair:1   | Entered Level 1 of the Lair of Beasts
  9686 | Lair:1   | Noticed a seven-headed hydra
 10366 | Lair:1   | Reached *** piety under Okawaru
 10858 | Lair:1   | Killed a seven-headed hydra
 10858 | Lair:1   | Reached XP level 11. HP: 33/87 MP: 15/15
 11647 | Lair:2   | Reached **** piety under Okawaru
 11979 | Lair:2   | Noticed Sonja
 12033 | Lair:2   | Reached skill level 10 in Fighting
 12618 | Lair:2   | Learned a level 1 spell: Apportation
 12827 | Lair:2   | Noticed a necromancer
 12833 | Lair:2   | Killed a necromancer
 12833 | Lair:2   | Received a gift from Okawaru
 13255 | Lair:2   | Killed Sonja
 13255 | Lair:2   | Reached ***** piety under Okawaru
 13257 | Lair:2   | HP: 3/93 [wolf (11)]
 13267 | Lair:2   | Reached skill level 10 in Dodging
 13639 | Lair:3   | Found a stormy altar of Qazlal.
 13720 | Lair:3   | Noticed a death yak
 13725 | Lair:3   | Noticed a death yak
 13729 | Lair:3   | Noticed a seven-headed hydra
 14101 | Lair:3   | Noticed a death yak
 14101 | Lair:3   | Noticed a death yak
 14249 | Lair:3   | Reached XP level 12. HP: 56/102 MP: 16/16
 14731 | Lair:3   | Noticed a death yak
 14731 | Lair:3   | Noticed a death yak
 14972 | Lair:3   | Killed a death yak
 15280 | Lair:3   | Killed a death yak
 15558 | Lair:3   | Killed a death yak
 15730 | Lair:3   | Killed a death yak
 16026 | Lair:3   | Killed a death yak
 16026 | Lair:3   | Received a gift from Okawaru
 16036 | Lair:3   | Killed a death yak
 16171 | Lair:3   | Reached ****** piety under Okawaru
 16182 | Lair:3   | Received a gift from Okawaru
 16189 | Lair:3   | HP: 5/105 [elephant (5)]
 17078 | Lair:4   | Got a warped war axe
 17079 | Lair:4   | Identified the +7 war axe of Ash {protect, *Noise rElec MP+9} (You found it on level 4 of the Lair of Beasts)
 17103 | Lair:4   | Found a staircase to the Shoals.
 17383 | Lair:4   | Found a hole to the Spider Nest.
 17576 | Lair:4   | Reached XP level 13. HP: 63/114 MP: 17/17
 18245 | Lair:5   | Reached skill level 15 in Fighting
 18922 | Lair:5   | Found a staircase to the Slime Pits.
 19446 | Lair:5   | Received a gift from Okawaru
 20456 | Lair:6   | Entered Level 6 of the Lair of Beasts
 20765 | Lair:6   | Reached skill level 16 in Polearms
 20886 | Lair:6   | Received a gift from Okawaru
 20887 | Lair:6   | Got a bloodstained robe {god gift}
 20992 | Lair:6   | Identified the +1 robe "Samal" {rElec rCorr Int+6 Dex-5} (Okawaru gifted it to you on level 6 of the Lair of Beasts)
 21417 | Lair:6   | Reached skill level 17 in Polearms
 21445 | Lair:6   | Reached skill level 1 in Armour
 21445 | Lair:6   | Reached XP level 14. HP: 71/125 MP: 18/18
 22193 | Lair:6   | Reached skill level 1 in Invocations
 23530 | Lair:6   | Reached skill level 5 in Invocations
 24459 | Orc:1    | Entered Level 1 of the Orcish Mines
 24471 | Orc:1    | Noticed Maurice
 24522 | Orc:1    | Killed Maurice
 24798 | Orc:1    | Received a gift from Okawaru
 24805 | Orc:1    | Got a translucent quick blade {god gift}
 24806 | Orc:1    | Identified the +7 quick blade of Okawaru's Vengeance {pierce, rElec Int+2} (Okawaru gifted it to you on level 1 of the Orcish Mines)
 24903 | Orc:1    | Noticed Nergalle
 24926 | Orc:1    | Killed Nergalle
 25086 | Orc:2    | Entered Level 2 of the Orcish Mines
 25201 | Orc:2    | Found Caad's General Store.
 25315 | Orc:2    | Found a staircase to the Elven Halls.
 25392 | D:10     | Entered Level 10 of the Dungeon
 25966 | D:10     | Reached skill level 5 in Armour
 26622 | D:11     | Received a gift from Okawaru
 26638 | D:11     | Reached XP level 15. HP: 123/131 MP: 20/22
 26849 | D:11     | Noticed Erolcha
 26863 | D:11     | Killed Erolcha
 27052 | D:12     | Reached skill level 10 in Invocations
 27140 | D:12     | Found a frozen archway.
 27150 | IceCv    | Entered an ice cave
 27952 | IceCv    | Got a twitching copper amulet
 27967 | IceCv    | Identified the amulet "Meikh" {Gourm rF+++ rN+++ Str-5 Slay-4} (You found it in an ice cave)
 28845 | D:13     | Received a gift from Okawaru
 28854 | D:13     | Found a gate to the Vaults.
 28865 | D:13     | Reached skill level 5 in Spellcasting
 29363 | D:13     | Identified a scroll of acquirement
 30100 | D:14     | Cast into level 2 of the Abyss (a wizard)
 30133 | Abyss:2  | Noticed a profane servitor
 30215 | Abyss:2  | Gained mutation: Potions and wands are less effective at restoring your health. [a neqoxec]
 30297 | Abyss:2  | Reached skill level 18 in Polearms
 30300 | Abyss:2  | Received a gift from Okawaru
 30333 | Abyss:2  | Noticed an Executioner
 30339 | Abyss:2  | HP: 1/131 [Executioner (7)]
 30447 | Abyss:2  | Received a gift from Okawaru
 30452 | Abyss:2  | Noticed a profane servitor
 30456 | Abyss:2  | Got a warped glaive {god gift}
 30551 | Abyss:2  | Identified the +0 glaive "Pizafib" {venom, Dex+5} (Okawaru gifted it to you on level 2 of the Abyss)
 30559 | Abyss:2  | Lost mutation: Potions and wands are less effective at restoring your health. [potion of mutation]
 30900 | Abyss:2  | Noticed a lich
 30912 | D:14     | Escaped the Abyss
 30917 | D:14     | HP: 3/117 [cyclops/large rock (3)]
 30919 | D:14     | Killed from afar by a wizard

Vault maps used:
D:1:      ncdulo_smallfort
D:2:      minmay_roachtagon, elyvilon_altar_5, first_bread
D:3:      serial_co_window_serial, co_window_paths_a, co_window_paths_a,
          co_window_corner_a, co_window_paths_b, co_window_cross_1,
          co_window_paths_b, co_window_of_opportunity_a, co_window_corner_cb,
          co_window_corner_b, co_window_2corner, co_window_2corner,
          co_window_corner_cb, co_window_4corner_b, glass_columns_a,
          uniq_natasha
D:4:      nicolae_gozag_cash_rules_everything_around_me, grunt_decor_resistance
D:5:      minmay_misc_feat_roman, uniq_grinder
D:6:      lemuel_coloured_pillars_altar, kennysheep_mini_moat,
          lightli_corner_chamber
D:7:      marbit_many_paths, basic_altar, grunt_ogre_cave, uniq_pikel
D:8:      grunt_qazlal_sundering
D:9:      minitemple, grunt_temple_overflow_open, dpeg_lair_monsters,
          orc_0_dummy, serial_glass, glass_columns_c, glass_columns_a,
          minmay_misc_feat_hallway, david_defended_altar_orc
D:11:     minmay_joined_circles, uniq_erolcha
D:12:     portal_ice_cave_entry_ice_beasts
D:13:     david_vaults_5
Temple:   corrupted_temple
Lair:1:   st_stairs_13, dpeg_stationary_puzzle, wad_woods_river_01,
          infiniplex_staircase_pool_2
Lair:2:   eino_house_with_fridge, infiniplex_staircase_pool, uniq_sonja
Lair:3:   basic_altar
Lair:4:   elwin_shoals_entry_stream, dummy_spider_entry, lemuel_fruit_fields,
          lemuel_fruit_fields
Lair:5:   minmay_slime_entry_oklob_open, minmay_stone_trees_small
Lair:6:   hangedman_lair_in_review
Orc:1:    lightli_orcish_oven, uniq_maurice, uniq_nergalle
Orc:2:    pf_orc_diabolical, nicolae_for_you_no_charge
Abyss:2:  hangedman_abyss_or_decor_slice, hangedman_decor_points
IceCv:    ice_cave_small_dragons

Skill      XL: |  1  2  3  4  5  6  7  8  9 10 11 12 13 14 15 |
---------------+----------------------------------------------+-----
Ice Magic      | 4 5 6 |  6.3
Spellcasting   | 3 5 |  5.3
Charms         | 2 3 5 6 |  6.1
Polearms       | 5 9 12 15 17 18 | 18.5
Fighting       | 3 8 12 14 16 | 16.0
Dodging        | 4 8 10 12 13 14 | 14.7
Armour         | 1 5 |  5.7
Invocations    | 9 10 | 10.4
Stealth        | |  2.1
Conjurations   | |  0.7

Action                   |  1- 3 |  4- 6 |  7- 9 | 10-12 | 13-15 || total
-------------------------+-------+-------+-------+-------+-------++-------
Melee: Dagger            |    43 |       |       |       |       ||    43
       Short sword       |    61 |   133 |       |       |       ||   194
       Falchion          |       |    33 |       |       |       ||    33
       Trident           |       |    13 |   142 |    18 |   233 ||   406
       Halberd           |       |       |   110 |   695 |  1216 ||  2021
       Punch             |       |       |       |       |     2 ||     2
       Glaive            |       |       |       |       |   190 ||   190
 Cast: Freeze            |    17 |    53 |     4 |     8 |       ||    82
       Ozocubu's Armour  |       |     3 |     4 |     1 |    28 ||    36
Invok: Heroism           |       |       |       |     9 |    54 ||    63
       Finesse           |       |       |       |       |     2 ||     2
Evoke: Wand              |       |     1 |     7 |     6 |    28 ||    42
  Use: Scroll            |       |    15 |     2 |    15 |    18 ||    50
       Potion            |       |       |       |    15 |    18 ||    33
 Stab: Sleeping          |     6 |     5 |     2 |     7 |    12 ||    32
       Distracted        |     1 |       |     3 |     4 |     6 ||    14
       Paralysed         |       |       |       |     2 |     3 ||     5
       Petrified         |       |       |       |       |     3 ||     3
  Eat: Chunk             |     2 |     8 |    10 |    16 |    19 ||    55
       Bread ration      |       |     1 |       |     1 |     7 ||     9
       Fruit             |       |       |     1 |     3 |       ||     4
       Royal jelly       |       |       |       |     1 |       ||     1
       Meat ration       |       |       |       |     1 |       ||     1
       Pizza             |       |       |       |       |     1 ||     1
Armor: Robe              |    14 |       |       |       |       ||    14
       Leather armour    |    14 |    73 |    51 |    68 |   156 ||   362
       Skin              |       |       |       |     6 |    17 ||    23
       Ice dragon scales |       |       |       |       |    66 ||    66
       Steam dragon scal |       |       |       |       |    47 ||    47
Dodge: Dodged            |    72 |   147 |   106 |   432 |  1312 ||  2069
       Rpst.: Falchion   |       |     8 |       |       |       ||     8
